 Dungeon Crawl Stone Soup version 0.27.1-33-g824d729ab1 (webtiles) character file.

Game seed: 6678833878966466412

46 mcbry74 the Insei (level 3, -2/26 HPs)
             Began as a Merfolk Transmuter on Dec 23, 2021.
             Was a Believer of Fedhas.
             Slain by Sigmund (6 damage)
             ... on level 2 of the Dungeon.
             The game lasted 00:04:53 (1773 turns).

mcbry74 the Insei (Merfolk Transmuter)              Turns: 1773, Time: 00:04:53

Health: -2/26      AC:  6    Str: 10    XL:     3   Next: 68%
Magic:  5/6        EV: 12    Int: 13    God:    Fedhas [**....]
Gold:   94         SH:  0    Dex: 14    Spells: 5/6 levels left

rFire    . . .     SeeInvis .     - Unarmed
rCold    . . .     Faith    +   (no shield)
rNeg     . . .     Spirit   .   a - +0 robe
rPois    .         Reflect  .   (helmet currently unavailable)
rElec    .         Harm     .   (no cloak)
rCorr    .         Rampage  .   (no gloves)
Will     .....                  (boots currently unavailable)
Stlth    +.........             i - amulet of faith
HPRegen  0.08/turn              d - +4 ring of protection
MPRegen  0.10/turn              (no ring)

@: appendages (expiring)
A: horns 2, (nimble swimmer 2), mertail
a: End Transformation, Renounce Religion, Wall of Briars


You were on level 2 of the Dungeon.
You worshipped Fedhas.
Fedhas was pleased with you.
You had temporarily grown beastly horns.
You visited 1 branch of the dungeon, and saw 2 of its levels.

You collected 94 gold pieces.

Inventory:

Hand Weapons
 l - a +1 spear of flaming
Missiles
 g - 33 poisoned darts (quivered)
Armour
 a - a +0 robe (worn)
Jewellery
 d - a +4 ring of protection (left hand)
 i - an amulet of faith (around neck)
Scrolls
 b - a scroll of immolation {unknown}
 f - a scroll of amnesia {unknown}
 j - a scroll of blinking {unknown}
 k - a scroll of holy word {unknown}
Potions
 c - a potion of heal wounds {unknown}
 e - 2 potions of curing {unknown}
 h - a potion of magic {unknown}


   Skills:
 - Level 1.1 Fighting
 - Level 2.6 Dodging
 - Level 0.3 Stealth
 + Level 5.0 Unarmed Combat
 - Level 2.0 Spellcasting
 - Level 2.6 Transmutations


You had 5 spell levels left.
You knew the following spells:

 Your Spells              Type           Power      Damage    Failure   Level
a - Beastly Appendage     Tmut           16%        N/A       9%          1

Your spell library contained the following spells:

 Spells                   Type           Power      Damage    Failure   Level
 Wereblood                Tmut           8%         N/A       13%         2
 Spider Form              Tmut/Pois      2%         N/A       41%         3
 Dazzling Flash           Conj/Hex       2%         N/A       58%         3
 Ice Form                 Ice/Tmut       4%         N/A       82%         4
 Iskenderun's Mystic Bla  Conj/Tloc      1%         2d3       94%         4
 Starburst                Conj/Fire      0%         6d3       100%        6


Dungeon Overview and Level Annotations

Branches:
Dungeon (2/15)

Altars:
Fedhas

Annotations:
D:2 Sigmund


Innate Abilities, Weirdness & Mutations

You have temporarily grown beastly horns.
((You are quick and stealthy near water. (Stealth+, EV+, Speed+++)))
Your lower body shifts to a powerful aquatic tail in water.


Message History

The endoplasm hits you but does no damage.
You hit the endoplasm but do no damage.
The endoplasm hits you but does no damage.
You hit the endoplasm.
The endoplasm is almost dead.
You barely miss the endoplasm.
The endoplasm is almost dead.
The endoplasm freezes you.
You are frozen.
You punch the endoplasm!
You kill the endoplasm!
Fedhas accepts your kill.
Your Unarmed Combat skill increases to level 5!
Okay, then.
Casting: Beastly Appendage (safe; 9% risk of failure)
Confirm with . or Enter, or press ? or * to list all spells.
You grow a pair of large bovine horns.
Sigmund gestures at you while chanting. The puff of flame hits you!
Sigmund misses you.
You closely miss Sigmund.
Sigmund points at you and mumbles some strange words.
The magic dart hits you.
You barely miss Sigmund. Sigmund hits you with a +0 scythe!
* * * LOW HITPOINT WARNING * * *
You completely miss Sigmund. Your headbutt misses Sigmund.
You hit Sigmund but do no damage. You headbutt Sigmund.
Sigmund is lightly wounded.
Sigmund barely misses you.
You hit Sigmund.
Sigmund is moderately wounded.
Your transformation is almost over.
You closely miss Sigmund.
Sigmund is moderately wounded.
Sigmund barely misses you.
You closely miss Sigmund.
Sigmund is moderately wounded.
Sigmund hits you with a +0 scythe.
You die...
Fedhas appreciates your contribution to the ecosystem.

#.#..............#.
#.#.........####...
#.#.........# #.#.
#.#####.########.#.
####.# #.#..........
#....#####.#.######.#.
#.#........#.# #.##
#####(...#######.# #.#
#......#.@.# #.####
#.## #.######..@#
#....###.#. #.# #...#
##.###...... #.# ##.##
#.## ##.##.. #.# #.#
#.# #.##.. #.# ##.##
#.## ##(##.# ##.#
#...#####.###.....#
#..#
#...............###
#.## #...######...####


You could see Sigmund.

Vanquished Creatures
  A worm (D:2)
  3 dart slugs
  3 bats (D:2)
  6 endoplasms
  3 giant cockroaches
  5 hobgoblins
  2 quokkas
  3 ball pythons
  4 goblins
  3 rats
33 creatures vanquished.

Notes
Turn   | Place    | Note
-------+----------+-------------------------------------------
     0 | D:1      | mcbry74 the Merfolk Transmuter began the quest for the Orb.
     0 | D:1      | Reached XP level 1. HP: 15/15 MP: 3/3
   194 | D:1      | Reached XP level 2. HP: 14/21 MP: 5/5
   327 | D:1      | Reached skill level 4 in Unarmed Combat
   748 | D:1      | Found a faded altar of an unknown god.
   753 | D:1      | Became a worshipper of Fedhas Madash
   753 | D:1      | Reached * piety under Fedhas
  1100 | D:2      | Reached XP level 3. HP: 25/26 MP: 6/6
  1612 | D:2      | Reached ** piety under Fedhas
  1633 | D:2      | Noticed Sigmund
  1739 | D:2      | Reached skill level 5 in Unarmed Combat
  1773 | D:2      | Slain by Sigmund

Illustrated notes

Levels and vault maps discovered:
D:1:      ncdulo_lavacross, layout_loops_ring,
          shapermc_ecumenical_altar_hornbeckon
D:2:      layout_loops_ring, uniq_sigmund

Skill      XL: |  1  2  3 |
---------------+----------+-----
Unarmed Combat | 4 5 |  5.0
Fighting       | |  1.1
Dodging        | |  2.6
Stealth        | |  0.3
Spellcasting   | |  2.0
Transmutations | |  2.6

Action                   || total
-------------------------++-------
Melee: Unarmed           ||   121
       Punch             ||     4
       Headbutt          ||     1
 Cast: Beastly Appendage ||     1
 Stab: Sleeping          ||     2
Armor: Robe              ||    33
Dodge: Dodged            ||    56
